 Dungeon Crawl Stone Soup version 0.29.1-2-gbd0b4ee654 (webtiles) character file.

Game seed: 4155010627608037805

1948 Descartes the Blocker (level 9, -5/44 (64) HPs)
             Began as a Formicid Fighter on Nov 25, 2022.
             Was an Initiate of Gozag.
             Slain by a wight
             ... wielding a +4 war axe of freezing
              (9 damage)
             ... on level 6 of the Dungeon.
             The game lasted 00:28:48 (9050 turns).

Descartes the Blocker (Formicid Fighter)            Turns: 9050, Time: 00:28:49

HP:   -5/44 (64)    AC:  9    Str: 21    XL:     9   Next: 41%
MP:   9/9           EV:  9    Int: 12    God:    Gozag
Gold: 241           SH:  6    Dex: 15    Spells: 8/8 levels left

rFire   . . .      SeeInvis +   q - +0 great sword
rCold   . . .      Faith    .   c - +0 buckler
rNeg    . . .      Spirit   .   H - +2 scale mail of Wu Jian's Grace {Rampage Dex+2}
rPois   .          Reflect  .   (helmet unavailable)
rElec   .          Harm     .   (no cloak)
rCorr   +          Rampage  +   (no gloves)
Will    .....                   (no boots)
Stlth   ..........              (no amulet)
HPRegen 0.14/turn               D - ring of resist corrosion
MPRegen 0.11/turn               (no ring)

@: very heavily drained
A: permanent stasis, dig shafts and tunnels, antennae 3, four strong arms
a: Dig, Shaft Self, Renounce Religion, Potion Petition, Call Merchant, Bribe
Branch


You were on level 6 of the Dungeon.
You worshipped Gozag.
Gozag was aware of your devotion.
You visited 2 branches of the dungeon, and saw 8 of its levels.

You collected 572 gold pieces.
You spent 225 gold pieces at shops.
You paid 106 gold pieces to Gozag.

Inventory:

Hand Weapons
 a - a +0 war axe
 q - a +0 great sword (weapon)
 r - a +0 flail
 s - the +5 dagger of Inference {venom, Int+2}
   (You found it on level 4 of the Dungeon)

   It poisons the flesh of those it strikes.
   Int:       It affects your intelligence (+2).
 w - a +0 morningstar
 F - a +0 dagger of speed
Missiles
 j - 4 javelins
 l - 71 stones
 p - 4 poisoned darts
 G - 3 boomerangs of dispersal
Armour
 c - a +0 buckler (worn)
 u - a +0 plate armour
 H - the +2 scale mail of Wu Jian's Grace (worn) {Rampage Dex+2}
   (You bought it in a shop on level 5 of the Dungeon)

   Dex:       It affects your dexterity (+2).
   Rampage:   It bestows one free step when moving towards enemies.
Jewellery
 D - a ring of resist corrosion (left hand)
Wands
 C - a wand of polymorph (10)
 I - a wand of charming (6)
Scrolls
 b - 2 scrolls of summoning {unknown}
 g - 3 scrolls of noise {unknown}
 h - 5 scrolls of teleportation {unknown}
 m - 10 scrolls of identify {unknown}
 o - 4 scrolls of blinking {unknown}
 t - 3 scrolls of magic mapping {unknown}
 v - 2 scrolls of immolation {unknown}
 x - a scroll of poison {unknown}
 y - 2 scrolls of vulnerability {unknown}
 E - a scroll of fear {unknown}
Potions
 d - 2 potions of might
 e - a potion of lignification
 f - 3 potions of mutation {unknown}
 i - a potion of brilliance {unknown}
 k - a potion of heal wounds
 n - a potion of attraction
 z - a potion of flight {unknown}
 A - 4 potions of curing {unknown}
 B - 3 potions of magic {unknown}


   Skills:
 - Level 3.2 Fighting
 + Level 4.8 Long Blades
 - Level 2.8 Axes
 + Level 6.6 Armour
 + Level 8.1 Shields
 + Level 5.5 Hexes
 + Level 4.4 Translocations


You had 8 spell levels left.
You didn't know any spells.
Your spell library contained the following spells:

 Spells                   Type           Power      Damage    Failure   Level
 Tukima's Dance           Hex            13%        N/A       30%         3
 Foxfire                  Conj/Fire      0%         2x1d4     67%         1
 Magic Dart               Conj           0%         1d3       67%         1
 Inner Flame              Hex/Fire       6%         N/A       67%         3
 Summon Guardian Golem    Hex/Summ       6%         N/A       67%         3
 Call Imp                 Summ           0%         N/A       82%         2
 Passage of Golubria      Tloc           10%        N/A       83%         4
 Conjure Flame            Conj/Fire      0%         6-21      96%         3
 Mephitic Cloud           Conj/Pois/Air  0%         N/A       96%         3
 Flame Wave               Conj/Fire      0%         2d4       100%        4
 Yara's Violent Unravell  Hex/Tmut       3%         3d4       100%        5
 Orb of Destruction       Conj           0%         9d5       100%        7
 Spellforged Servitor     Conj/Summ      0%         N/A       100%        7


Dungeon Overview and Level Annotations

Branches:
Dungeon (7/15)             Temple (1/1) D:4

Altars:
Ashenzari
Cheibriados
Dithmenos
Elyvilon
Gozag
Hepliaklqana
Kikubaaqudgha
Makhleb
Nemelex Xobeh
Okawaru
Qazlal
Ru
Sif Muna
Trog
Uskayaw
Wu Jian
Xom
Yredelemnul
The Shining One

Shops:
D:5 [   D:7 [(*


Innate Abilities, Weirdness & Mutations

You cannot be hasted, slowed, berserked, paralysed or teleported.
You can dig through walls and to a lower floor.
You have a pair of large antennae on your head. (SInv)
Your four strong arms can wield two-handed weapons with a shield.


Message History

The wight is moderately damaged.
The wight hits you with a +0 flail.
* * * LOW HITPOINT WARNING * * *
The wight misses you.
You hit the wight.
The wight is severely damaged.
You block the wight's attack.
You slash the wight!
You destroy the wight!
You now have 241 gold pieces (gained 5).
Things that are here:
a +0 flail; a +0 robe HP restored.
Done exploring.
There is a stone staircase leading down here.
You climb downwards.
You block the wight's attack.
There is a stone staircase leading up here.
The wight hits you with a +4 war axe of freezing!
The wight freezes you.
You climb upwards.
There is a stone staircase leading down here.
You closely miss the wight. You block the wight's attack. x2
You barely miss the wight.
The wight hits you with a +4 war axe of freezing.
You feel drained. The wight freezes you.
You barely miss the wight.
The wight hits you with a +4 war axe of freezing!
The wight freezes you. You block the wight's attack.
You closely miss the wight.
The wight hits you with a +4 war axe of freezing!
* * * LOW HITPOINT WARNING * * *
You feel drained.
* * * LOW HITPOINT WARNING * * *
The wight freezes you.
* * * LOW HITPOINT WARNING * * *
The wight hits you but does no damage. The wight attacks as you move away!
The wight hits you with a +4 war axe of freezing!
You die...
Your body crumbles into a pile of gold.

####.####.## #.##
### ##.## #.#.##
##.#.# ##.## ##.#
#############..#####
................@z>#
####.#####.#.#####[#
# #.#####...#####.#
####....#<.........#
#######
...........#####.#.#
#.....# ...........#
#.....####.###.#
...........#
#####.##.#.###.#
########'####
#.##.#..##.#
########....#
#.##.....#.#


You could see a wight.

Vanquished Creatures
  An orc warrior (D:5)
  2 ice beasts (D:6)
  A centaur (D:6)
  A phantom (D:5)
  A bullfrog (D:5)
  2 necrophages (D:6)
  3 scorpions
  3 wights
  5 hounds
  2 orc priests
  2 gnoll boudas (D:5)
  Jessica (D:2)
  10 orc wizards
  Terence (D:2)
  2 iguanas (D:4)
  8 adders
  9 gnolls
  9 river rats
  A white imp (D:5)
  A worm (D:3)
  A dart slug (D:1)
  22 orcs
  9 bats
  11 endoplasms
  3 giant cockroaches
  9 goblins
  9 hobgoblins
  8 kobolds
  10 quokkas
  6 ball pythons
  A frilled lizard (D:2)
  17 rats
171 creatures vanquished.

Vanquished Creatures (others)
  A bush (D:6)
  4 fungi (D:3)
  16 plants (D:3)
21 creatures vanquished.

Grand Total: 192 creatures vanquished

Notes
Turn   | Place    | Note
-------+----------+-------------------------------------------
     0 | D:1      | Descartes the Formicid Fighter began the quest for the Orb.
     0 | D:1      | Reached XP level 1. HP: 18/18 MP: 1/1
   166 | D:1      | Reached XP level 2. HP: 14/24 MP: 2/2
   570 | D:1      | Reached XP level 3. HP: 29/29 MP: 3/3
   923 | D:2      | Noticed Terence
   930 | D:2      | Killed Terence
   931 | D:2      | Reached XP level 4. HP: 33/35 MP: 4/4
   998 | D:2      | Noticed Jessica
  1003 | D:2      | Killed Jessica
  1004 | D:2      | Reached skill level 1 in Translocations
  1199 | D:2      | Reached skill level 5 in Shields
  1200 | D:2      | Reached XP level 5. HP: 41/41 MP: 5/5
  1265 | D:2      | Reached skill level 1 in Long Blades
  1631 | D:3      | HP: 2/41 [poisoned by an adder]
  1776 | D:3      | Reached skill level 1 in Hexes
  1776 | D:3      | Reached XP level 6. HP: 25/47 MP: 6/6
  2167 | D:3      | Found a faded altar of an unknown god.
  2902 | D:4      | Identified the +5 dagger of Inference {venom, Int+2}
  3509 | D:4      | Reached XP level 7. HP: 8/52 MP: 7/7
  3968 | D:4      | Found a staircase to the Ecumenical Temple.
  4049 | D:4      | Reached skill level 6 in Shields
  4068 | D:5      | Entered Level 5 of the Dungeon
  4388 | D:5      | Found a bloodstained altar of Trog.
  4395 | D:5      | Reached skill level 5 in Armour
  4917 | D:5      | Reached XP level 8. HP: 32/58 MP: 8/8
  5056 | D:5      | Found Kymoylle's Antique Armour Emporium.
  5765 | D:6      | Reached skill level 7 in Shields
  6760 | Temple   | Entered the Ecumenical Temple
  6848 | Temple   | Became a worshipper of Gozag Ym Sagoz the Greedy
  7523 | D:5      | Bought a shimmering scale mail for 225 gold pieces
  7523 | D:5      | Identified the +2 scale mail of Wu Jian's Grace {Rampage
                  | Dex+2} (You bought it in a shop on level 5 of the Dungeon)
  7569 | D:5      | Reached XP level 9. HP: 45/64 MP: 9/9
  7716 | D:5      | Reached skill level 5 in Hexes
  8379 | D:6      | Reached skill level 8 in Shields
  8596 | D:7      | Found Zidofa's Antique Weapon Boutique.
  8605 | D:7      | Found Oceveux's Antique Armour Shoppe.
  8741 | D:7      | Found Eluvvuom's General Store.
  9050 | D:6      | Slain by a wight

Illustrated notes

Levels and vault maps discovered:
D:1:      spicycebolla_arrival_risky_transporter, layout_basic
D:2:      layout_loops_ring, uniq_jessica, uniq_terence
D:3:      layout_loops_ring, shapermc_ecumenical_altar_mp_ritualfount
D:4:      minmay_bubble_buster, layout_cave_pools, minmay_temple_entry_poolview,
          grunt_decor_junction
D:5:      layout_rooms, lemuel_crystal_altar, serial_shops,
          nicolae_shop_behind_doors
D:6:      lemuel_ratsnest, layout_basic, minmay_misc_feat_ornament,
          kb_lookout_dungeons_type
D:7:      layout_loops_ring, mainiacjoe_overflow_two_lobes,
          hellmonk_ghost_happy_afterlife, serial_shops, shop,
          nicolae_shop_waterfront, shop, shop
Temple:   mainiacjoe_temple_coin_purse

Skill      XL: |  1  2  3  4  5  6  7  8  9 |
---------------+----------------------------+-----
Armour         | 4 5 6 |  6.6
Translocations | 1 2 3 4 |  4.4
Shields        | 5 6 7 8 |  8.1
Long Blades    | 1 2 3 4 |  4.8
Hexes          | 1 2 3 4 5 |  5.5
Fighting       | |  3.2
Axes           | |  2.8

Action                   |  1- 3 |  4- 6 |  7- 9 || total
-------------------------+-------+-------+-------++-------
Melee: War axe           |    64 |     3 |       ||    67
       Great sword       |       |   214 |   373 ||   587
 Abil: Dig               |     1 |     1 |     1 ||     3
  Use: Potion            |       |     5 |     3 ||     8
Armor: Scale mail        |    37 |    70 |    61 ||   168
       Skin              |       |    21 |       ||    21
       Plate armour      |       |    97 |   199 ||   296
Dodge: Dodged            |    34 |    84 |   160 ||   278
Block: Buckler           |    15 |    66 |   121 ||   202
